 Dungeon Sprint DCSS version 0.18.1-50-g88ac8fd (webtiles) character file.

425 varam the Grappler (level 6, -4/66 HPs)
             Began as a Troll Berserker on Oct 10, 2016.
             Was a Priest of Trog.
             Slain by Sonja
             ... wielding a +0 dagger of draining
              (7 damage)
             ... in the Dungeon (Sprint I: "Red Sonja").
             The game lasted 00:01:44 (359 turns).

varam the Grappler (Troll Berserker)                 Turns: 359, Time: 00:01:44

Health: -4/66      AC:  5    Str: 27    XL:     6   Next: 64%
Magic:  5/5        EV:  9    Int:  3    God:    Trog [***...]
Gold:   305        SH:  0    Dex: 10    Spells: 0 memorised, 5 levels left

rFire  . . .     SeeInvis .       - Unarmed
rCold  . . .     Gourm    +     a - +0 animal skin
rNeg   . . .     Faith    .     (no shield)
rPois  .         Spirit   .     (helmet restricted)
rElec  .         Dismiss  .     (no cloak)
rCorr  .         Reflect  .     (gloves unavailable)
SustAt .         Harm     .     (boots unavailable)
MR     .....     NoTele   +     (no amulet)
Stlth  +.........               (no ring)
                                (no ring)

@: exhausted, slowed, very heavily drained, very slow, not resistant to hostile
enchantments, very unstealthy
A: unfitting armour, claws 3, fast metabolism 3, gourmand, regeneration 2,
shaggy fur 1, tough skin 2
a: Berserk, Trog's Hand, Burn Spellbooks, Renounce Religion


You were in the Dungeon.
You worshipped Trog.
Trog was most pleased with you.
You were not hungry.

You visited 1 branch You collected 305 gold pieces.

Inventory:

Armour
 a - a +0 animal skin (worn)
Scrolls
 h - a scroll of blinking
Potions
 c - a potion of curing
 e - a potion of haste
 f - 2 potions of magic
 g - a potion of berserk rage
Comestibles
 b - a bread ration
 i - a meat ration


   Skills:
 + Level 5.1(0.0) Fighting
 + Level 5.0(0.0) Dodging
 - Level 12.2(4.3) Unarmed Combat


You had 5 spell levels left.
You didn't know any spells.

Dungeon Overview and Level Annotations

Branches:
Dungeon (1/1)

Altars:
Elyvilon
Gozag
Kikubaaqudgha
Makhleb
Nemelex Xobeh
Okawaru
Pakellas
Qazlal
Ru
Sif Muna
Trog
Vehumet
Xom
Yredelemnul
Zin
The Shining One

Shops:
D :

Annotations:
D Sonja


Innate Abilities, Weirdness & Mutations

You are too large for most types of armour.
You have claws for hands.
Your metabolism is lightning-fast.
You like to eat raw meat.
You heal very quickly.
You are covered in fur (AC +1).
You have very tough skin (AC +2).


Message History

You are too injured to fight recklessly!
Unknown command.
You are too injured to fight recklessly!
You are too injured to fight recklessly!
You are too injured to fight recklessly!
Unknown command.
Sonja mumbles some strange words.
Sonja blinks!
Sonja zaps a wand.
You are blasted!
* * * LOW HITPOINT WARNING * * *
Sonja says, "Someone hired me to kill you, but I'm not supposed to say who."
Sonja hits you but does no damage.
You feel drained.
Sonja hits you with an uncursed dagger of draining.
* * * LOW HITPOINT WARNING * * *
You feel drained.
* * * LOW HITPOINT WARNING * * *
Sonja hits you but does no damage.
You feel drained.
You miss Sonja.
Sonja is heavily wounded.
Sonja hits you with an uncursed dagger of draining!
You die...

################
#<.#..').#..'..#
#..)..#..').#..+
#..#####'#####'#
#..####..#...#@#
#..#__####..##K#
#..#_.___##'#..+
#⌠⌠#_.∩...'.(._#
####_..._##_.#+#
#_____###(#
#########(##


+$($+ #$.$# You could see Sonja.

Vanquished Creatures
  Sigmund (D)
  A yak (D)
  An ogre (D)
  A jelly (D)
  Ijyb (D)
5 creatures vanquished.

Notes
Turn   | Place    | Note
--------------------------------------------------------------
     0 | D        | varam the Troll Berserker began the quest for the Orb.
     0 | D        | Reached XP level 1. HP: 22/22 MP: 0/0
     1 | D        | Noticed Ijyb
     3 | D        | Killed Ijyb
     3 | D        | Reached skill level 6 in Unarmed Combat
     3 | D        | Reached XP level 2. HP: 29/29 MP: 1/1
    54 | D        | Noticed an ogre
    57 | D        | Killed an ogre
    57 | D        | Reached ** piety under Trog
    57 | D        | Reached skill level 9 in Unarmed Combat
    57 | D        | Reached XP level 3. HP: 36/36 MP: 2/2
    57 | D        | Reached XP level 4. HP: 44/44 MP: 3/3
    94 | D        | Noticed Sigmund
   108 | D        | Killed Sigmund
   108 | D        | Reached skill level 12 in Unarmed Combat
   108 | D        | Reached XP level 5. HP: 50/50 MP: 4/4
   251 | D        | Found a deep blue altar of Sif Muna.
   253 | D        | Found a radiant altar of Vehumet.
   255 | D        | Reached XP level 6. HP: 61/61 MP: 5/5
   303 | D        | Found Qonaow's Book Emporium.
   303 | D        | Found a white marble altar of Elyvilon.
   303 | D        | Found a stormy altar of Qazlal.
   303 | D        | Found a burning altar of Makhleb.
   303 | D        | Found a sacrificial altar of Ru.
   303 | D        | Found an oddly glowing altar of Pakellas.
   303 | D        | Found a basalt altar of Yredelemnul.
   303 | D        | Found a glowing golden altar of the Shining One.
   303 | D        | Found a sparkling altar of Nemelex Xobeh.
   303 | D        | Found a shimmering altar of Xom.
   303 | D        | Found an opulent altar of Gozag.
   303 | D        | Found an ancient bone altar of Kikubaaqudgha.
   303 | D        | Found a glowing silver altar of Zin.
   303 | D        | Noticed a yak
   304 | D        | Found an iron altar of Okawaru.
   308 | D        | Killed a yak
   308 | D        | Reached *** piety under Trog
   308 | D        | Reached skill level 5 in Fighting
   308 | D        | Reached skill level 5 in Dodging
   309 | D        | Found a bloodstained altar of Trog.
   334 | D        | Noticed Sonja
   346 | D        | HP: 2/66 [asphyx]
   355 | D        | HP: 3/66 [disintegration (19)]
   359 | D        | Slain by Sonja

Skill      XL: |  1  2  3  4  5  6 |
---------------+-------------------+-----
Unarmed Combat | 6 9 12 | 12.2
Fighting       | 3 5 |  5.1
Dodging        | 3 5 |  5.0

Action                   |  1- 3 |  4- 6 || total
-------------------------+-------+-------++-------
Melee: Unarmed           |     2 |    24 ||    26
Invok: Berserk           |     2 |     2 ||     4
  Use: Potion            |       |     2 ||     2
  Eat: Chunk             |       |     2 ||     2
       Bread ration      |       |     1 ||     1
Armor: Animal skin       |       |     9 ||     9
Dodge: Dodged            |     1 |    21 ||    22
